[ AOE2 MATCH · #506932621 ]
UnrankedGoths vs Shu
Player's team · WIN
Rival team · LOSS
[ REPLAY ANALYSIS · EXTRACTED FROM THE RECORDED GAME ]
Feudal
9:17
Castle
13:41
Imperial
—
| APM avg | 53.1 |
| APM peak | 97 |
| eAPM avg | 24.1 |
| Villagers / military | 33 / 32 |
Focus
⚔️ 39.8% · 🌾 60.2%
Monk ×21 · Huskarl ×11
Feudal
10:35
Castle
14:36
Imperial
—
| APM avg | 42.3 |
| APM peak | 132 |
| eAPM avg | 21.4 |
| Villagers / military | 34 / 1 |
Focus
⚔️ 31.3% · 🌾 68.7%
Unknown (1959) ×13 · Fishing Ship ×4 · Battering Ram ×1 · Unknown (2626) ×1
Match map
Initial resources + every placement click. Lines = walls · curves = elevation contours. ◆ gold · ⬟ stone · ● berries · ✦ relic · ◌ wall gap
Your base· Open — opponent sealed themselves in
Mr.smeagoul's base· ✓ Closed at 14:36 · 44t walls · no gate
Smoothed initial terrain · ◌ = detected wall gap · hover for details
Inputs per minute
— WyoDan2 - - Mr.smeagoul
Build order — WyoDan2
115 actions detected in the replay
| 0:00 | Queue | Villager (Male) |
| 0:01 | Queue | Villager (Male) |
| 0:02 | Build | House |
| 0:04 | Build | House |
| 0:06 | Build | House |
| 0:08 | Build | House |
| 0:15 | Research | Loom |
| 0:15 | Queue | Villager (Male) |
| 0:15 | Queue | Villager (Male) |
| 0:16 | Queue | Villager (Male) |
| 0:16 | Queue | Villager (Male) |
| 0:17 | Queue | Villager (Male) |
| 2:07 | Queue | Villager (Male) |
| 2:07 | Queue | Villager (Male) |
| 2:13 | Build | Lumber Camp |
| 2:20 | Queue | Villager (Male) |
| 2:27 | Queue | Villager (Male) |
| 2:45 | Queue | Villager (Male) |
| 3:15 | Queue | Villager (Male) |
| 3:45 | Queue | Villager (Male) |
| 3:56 | Queue | Villager (Male) |
| 4:01 | Queue | Villager (Male) |
| 4:24 | Queue | Villager (Male) |
| 4:40 | Queue | Villager (Male) |
| 5:56 | Build | Mill |
| 6:40 | Queue | Villager (Male) |
| 6:59 | Build | Mining Camp |
| 7:07 | Research | Feudal Age |
| 9:17 | Age | Feudal Age |
| 9:28 | Build | Market |
| 9:37 | Queue | Villager (Male) |
| 10:26 | Build | Blacksmith |
| 11:01 | Research | Castle Age |
| 11:01 | Research | Castle Age |
| 11:50 | Research | Double-Bit Axe |
| 13:14 | Queue | Villager (Male) |
| 13:16 | Build | House |
| 13:20 | Build | House |
| 13:32 | Queue | Villager (Male) |
| 13:41 | Age | Castle Age |
| 13:47 | Build | Castle |
| 13:56 | Queue | Villager (Male) |
| 14:15 | Build | Lumber Camp |
| 14:23 | Build | Mining Camp |
| 15:00 | Queue | Huskarl |
| 15:23 | Queue | Huskarl |
| 16:03 | Queue | Huskarl |
| 16:08 | Build | Monastery |
| 16:24 | Queue | Villager (Male) |
| 16:29 | Build | Mining Camp |
| 16:42 | Queue | Monk |
| 16:55 | Build | Monastery |
| 17:07 | Queue | Huskarl |
| 17:13 | Build | Farm |
| 17:31 | Queue | Monk |
| 17:54 | Queue | Huskarl |
| 17:55 | Queue | Monk |
| 18:12 | Queue | Monk |
| 18:14 | Build | Farm |
| 18:44 | Queue | Huskarl |
| 19:02 | Queue | Monk |
| 19:28 | Queue | Huskarl |
| 19:45 | Queue | Huskarl |
| 19:46 | Queue | Huskarl |
| 20:12 | Queue | Huskarl |
| 20:13 | Queue | Monk |
| 20:33 | Build | House |
| 20:35 | Build | Farm |
| 21:00 | Queue | Monk |
| 21:04 | Queue | Monk |
| 21:05 | Queue | Huskarl |
| 21:19 | Queue | Monk |
| 21:20 | Queue | Monk |
| 21:24 | Build | Farm |
| 21:24 | Build | Farm |
| 21:25 | Build | Farm |
| 21:25 | Build | Farm |
| 21:43 | Build | Outpost |
| 21:54 | Queue | Monk |
| 21:56 | Build | House |
| 22:09 | Build | Monastery |
| 22:25 | Queue | Monk |
| 22:26 | Queue | Monk |
| 22:27 | Build | House |
| 22:28 | Build | House |
| 22:30 | Build | House |
| 22:31 | Build | House |
| 22:48 | Build | House |
| 22:50 | Build | House |
| 22:55 | Queue | Monk |
| 23:19 | Queue | Villager (Male) |
| 24:00 | Queue | Monk |
| 24:01 | Queue | Villager (Male) |
| 24:02 | Queue | Villager (Male) |
| 24:05 | Build | House |
| 24:16 | Queue | Villager (Male) |
| 24:39 | Queue | Villager (Male) |
| 24:40 | Queue | Monk |
| 24:41 | Queue | Villager (Male) |
| 25:11 | Queue | Villager (Male) |
| 25:13 | Queue | Monk |
| 25:13 | Queue | Monk |
| 25:36 | Build | Watch Tower |
| 25:40 | Queue | Villager (Male) |
| 25:45 | Build | Farm |
| 26:09 | Build | Palisade Wall |
| 26:09 | Build | Palisade Wall |
| 26:10 | Build | Palisade Wall |
| 26:11 | Build | Palisade Wall |
| 26:30 | Queue | Monk |
| 26:53 | Queue | Villager (Male) |
| 26:55 | Build | House |
| 27:26 | Build | House |
| 27:29 | Queue | Monk |
| 27:29 | Queue | Monk |
Build order — Mr.smeagoul
117 actions detected in the replay
| 0:01 | Queue | Villager (Male) |
| 0:02 | Queue | Villager (Male) |
| 0:04 | Research | Loom |
| 0:05 | Build | House |
| 0:08 | Build | House |
| 0:14 | Queue | Villager (Male) |
| 0:18 | Queue | Villager (Male) |
| 0:29 | Queue | Villager (Male) |
| 0:30 | Queue | Villager (Male) |
| 1:03 | Build | Lumber Camp |
| 1:12 | Queue | Villager (Male) |
| 1:37 | Queue | Villager (Male) |
| 2:03 | Queue | Villager (Male) |
| 2:43 | Queue | Villager (Male) |
| 2:47 | Build | House |
| 3:13 | Queue | Villager (Male) |
| 3:56 | Queue | Villager (Male) |
| 3:59 | Build | Dock |
| 4:17 | Queue | Villager (Male) |
| 4:39 | Build | House |
| 4:43 | Queue | Fishing Ship |
| 4:55 | Queue | Villager (Male) |
| 5:17 | Queue | Villager (Male) |
| 5:18 | Queue | Fishing Ship |
| 5:51 | Queue | Villager (Male) |
| 6:10 | Build | Mill |
| 6:20 | Queue | Villager (Male) |
| 6:29 | Queue | Fishing Ship |
| 6:34 | Queue | Villager (Male) |
| 6:37 | Build | House |
| 6:48 | Queue | Villager (Male) |
| 7:05 | Build | Palisade Wall |
| 7:06 | Build | Palisade Wall |
| 7:11 | Build | Palisade Wall |
| 7:14 | Build | Palisade Wall |
| 7:16 | Build | Palisade Wall |
| 7:19 | Queue | Villager (Male) |
| 7:36 | Queue | Fishing Ship |
| 7:47 | Build | House |
| 7:48 | Build | Palisade Wall |
| 8:00 | Queue | Villager (Male) |
| 8:19 | Build | Palisade Wall |
| 8:20 | Build | Palisade Wall |
| 8:23 | Research | Feudal Age |
| 8:32 | Build | Mill |
| 8:58 | Build | Palisade Wall |
| 8:59 | Build | Palisade Wall |
| 9:00 | Build | Palisade Wall |
| 9:04 | Build | Palisade Wall |
| 9:26 | Build | Palisade Wall |
| 9:26 | Build | Palisade Wall |
| 9:36 | Build | Outpost |
| 9:42 | Queue | Villager (Male) |
| 9:47 | Build | Palisade Wall |
| 9:55 | Queue | Villager (Male) |
| 10:16 | Build | Palisade Wall |
| 10:18 | Build | Palisade Wall |
| 10:35 | Age | Feudal Age |
| 10:42 | Build | Market |
| 10:48 | Queue | Villager (Male) |
| 10:53 | Build | Blacksmith |
| 11:08 | Queue | Villager (Male) |
| 11:17 | Research | Town Watch |
| 11:56 | Research | Castle Age |
| 12:04 | Build | Mining Camp |
| 12:22 | Build | Mining Camp |
| 12:49 | Queue | Unit 2626 |
| 13:48 | Build | Watch Tower |
| 14:02 | Research | Fletching |
| 14:04 | Queue | Villager (Male) |
| 14:33 | Build | Lumber Camp |
| 14:36 | Age | Castle Age |
| 14:52 | Build | Castle |
| 14:56 | Queue | Villager (Male) |
| 15:10 | Build | House |
| 15:17 | Build | House |
| 15:46 | Build | House |
| 15:48 | Queue | Unit 1959 |
| 15:49 | Queue | Unit 1959 |
| 16:25 | Queue | Villager (Male) |
| 16:33 | Queue | Villager (Male) |
| 16:47 | Queue | Unit 1959 |
| 16:48 | Queue | Villager (Male) |
| 17:15 | Build | Siege Workshop |
| 17:22 | Queue | Unit 1959 |
| 17:43 | Queue | Unit 1959 |
| 18:04 | Build | Lumber Camp |
| 18:08 | Queue | Unit 1959 |
| 18:29 | Queue | Battering Ram |
| 18:31 | Queue | Unit 1959 |
| 19:04 | Build | House |
| 19:10 | Queue | Unit 1959 |
| 19:25 | Queue | Unit 1959 |
| 19:41 | Build | House |
| 19:44 | Build | Stone Wall |
| 19:47 | Build | Stone Wall |
| 19:53 | Build | House |
| 20:01 | Build | Stone Wall |
| 20:14 | Queue | Unit 1959 |
| 20:15 | Queue | Unit 1959 |
| 20:22 | Queue | Unit 1959 |
| 20:43 | Build | Stone Wall |
| 21:07 | Build | Lumber Camp |
| 22:22 | Build | Monastery |
| 22:25 | Build | Market |
| 22:32 | Queue | Unit 1959 |
| 23:21 | Build | Town Center |
| 24:10 | Build | Mill |
| 24:27 | Queue | Villager (Male) |
| 25:07 | Build | Farm |
| 25:09 | Build | Farm |
| 25:25 | Build | Farm |
| 25:27 | Queue | Villager (Male) |
| 26:03 | Queue | Villager (Male) |
| 26:26 | Build | House |
| 26:40 | Queue | Villager (Male) |
| 26:42 | Build | Stone Wall |
Match timeline
| 3:59 | Mr.smeagoul · first_building Dock |
| 7:05 | Mr.smeagoul · wall_segment Palisade Wall x4 |
| 7:06 | Mr.smeagoul · wall_segment Palisade Wall x3 |
| 7:11 | Mr.smeagoul · wall_segment Palisade Wall x11 |
| 7:14 | Mr.smeagoul · wall_segment Palisade Wall x1 |
| 7:16 | Mr.smeagoul · wall_segment Palisade Wall x3 |
| 7:48 | Mr.smeagoul · wall_segment Palisade Wall x2 |
| 8:19 | Mr.smeagoul · wall_segment Palisade Wall x1 |
| 8:20 | Mr.smeagoul · wall_segment Palisade Wall x6 |
| 8:58 | Mr.smeagoul · wall_segment Palisade Wall x1 |
| 8:59 | Mr.smeagoul · wall_segment Palisade Wall x1 |
| 9:00 | Mr.smeagoul · wall_segment Palisade Wall x4 |
| 9:04 | Mr.smeagoul · wall_segment Palisade Wall x3 |
| 9:17 | WyoDan2 · age_up feudal |
| 9:26 | Mr.smeagoul · wall_segment Palisade Wall x1 |
| 9:26 | Mr.smeagoul · wall_segment Palisade Wall x1 |
| 9:47 | Mr.smeagoul · wall_segment Palisade Wall x1 |
| 10:16 | Mr.smeagoul · wall_segment Palisade Wall x1 |
| 10:18 | Mr.smeagoul · wall_segment Palisade Wall x1 |
| 10:35 | Mr.smeagoul · age_up feudal |
| 10:59 | WyoDan2 · first_market_sell 100 stone |
| 13:41 | WyoDan2 · age_up castle |
| 13:47 | WyoDan2 · first_building Castle |
| 14:16 | Mr.smeagoul · first_market_sell 500 food |
| 14:17 | Mr.smeagoul · first_market_buy 100 stone |
| 14:36 | Mr.smeagoul · age_up castle |
| 14:52 | Mr.smeagoul · first_building Castle |
| 16:08 | WyoDan2 · first_building Monastery |
| 17:15 | Mr.smeagoul · first_building Siege Workshop |
| 19:44 | Mr.smeagoul · wall_segment Stone Wall x1 |
| 19:45 | WyoDan2 · first_market_buy 100 food |
| 19:47 | Mr.smeagoul · wall_segment Stone Wall x1 |
| 20:01 | Mr.smeagoul · wall_segment Stone Wall x1 |
| 20:43 | Mr.smeagoul · wall_segment Stone Wall x1 |
| 22:22 | Mr.smeagoul · first_building Monastery |
| 26:09 | WyoDan2 · wall_segment Palisade Wall x1 |
| 26:09 | WyoDan2 · wall_segment Palisade Wall x1 |
| 26:10 | WyoDan2 · wall_segment Palisade Wall x1 |
| 26:11 | WyoDan2 · wall_segment Palisade Wall x1 |
| 26:42 | Mr.smeagoul · wall_segment Stone Wall x1 |
| 27:32 | Mr.smeagoul · resign |
[ AI ANALYSIS · 1 CREDIT ]
What really happened in this match?
Wolo.gg analyzes every decision: build order, eco, micro, common mistakes by bracket. Personalized analysis on WhatsApp or Discord in 30 seconds.
Civ guide
Goths
Perfil
Jugador #2340259